Map: Golden Wall LE

Players

Cox

  • Race: Zerg Zerg
  • League: Silver
  • Spawn Location: 5:00

DLCFocesTTV - Winner!

  • Race: Zerg Zerg
  • League: Gold
  • Spawn Location: 7:00

VOD

Have the link to the VOD?

Description

Time

  • Played on: July 16, 2020, 2:37 a.m.
  • Length: 13:23
Show
View Real Time Build Order
Export as new Build Order

Cox Zerg 

Build Orders: Pool First 

Get SALT Encoding   

  12  0:01  Drone  
  13  0:22  Spawning Pool  
  13  0:25  Drone  
  13  0:30  Drone  
  14  0:39  Overlord  
  14  1:09  Zergling x4  
  14  1:10  Zergling x2  
  17  1:12  Queen  
  19  1:22  Zergling x2  
  20  1:35  Drone  
  21  1:42  Drone  
  22  1:55  Hatchery  
  22  1:58  Extractor, Drone  
  17  2:48  Drone x4  
  17  2:50  Drone  
  22  3:10  Extractor  
  21  3:18  Queen  
  23  3:20  Drone x2  
  23  3:23  Drone x3  
  23  3:24  Overlord  
  23  3:25  Overlord  
  28  3:39  Lair  
  28  3:43  Zergling x2  
  28  3:44  Zergling x2  
  30  3:49  Drone  
  30  3:50  Drone  
  32  4:13  Drone x3  
  35  4:26  Drone x3  
  35  4:31  Roach Warren  
  37  4:37  Overlord x3  
  37  4:45  Extractor  
  37  4:47  Extractor  
  35  4:59  Drone  
  36  5:02  Drone x2  
  38  5:15  Roach x6  
  38  5:16  Roach x5  
  60  5:26  Overseer  
  56  6:06  Drone  
  56  6:07  Drone x3  
  56  6:08  Drone x5  
  65  6:36  Hatchery  
  64  7:15  Spire  
  63  7:16  Drone  
  63  7:18  Overlord x2  
  63  7:20  Overlord x2  
  64  7:29  Drone  
  65  7:30  Drone x3  
  68  7:38  Metabolic Boost  
  68  7:45  Drone x5  
  75  8:03  Drone  
  76  8:10  Overlord x4  
  68  8:38  Overlord  
  68  8:40  Mutalisk x8  
  84  9:03  Hatchery  
  84  9:08  Extractor  
  82  9:11  Extractor  
  73  10:22  Mutalisk  
  73  10:23  Mutalisk x12  
  79  10:51  Glial Reconstitution  
  79  10:52  Mutalisk x4  
  87  11:08  Drone  
  87  11:09  Drone x3  
  91  11:13  Queen  
  93  11:27  Mutalisk  
  93  11:28  Mutalisk x5  
  55  12:39  Drone x9  
  64  12:48  Spine Crawler  
  64  12:49  Spine Crawler  
Show
View Real Time Build Order
Export as new Build Order

DLCFocesTTV Zerg - Winner!

Build Orders: Hatch First 

Get SALT Encoding   

  12  0:02  Drone  
  13  0:25  Overlord  
  13  0:30  Drone  
  14  0:45  Hatchery, Drone  
  14  0:52  Drone  
  14  0:55  Drone  
  16  1:00  Extractor  
  16  1:01  Drone  
  16  1:09  Drone  
  17  1:22  Drone  
  18  1:31  Spawning Pool  
  18  1:32  Drone  
  18  1:41  Drone  
  19  1:53  Drone  
  20  1:58  Drone  
  21  2:21  Drone x2  
  23  2:23  Zergling x4  
  24  2:30  Metabolic Boost  
  19  2:46  Drone  
  19  2:47  Drone x2  
  19  2:50  Drone x2  
  24  3:00  Baneling Nest  
  24  3:03  Queen  
  24  3:05  Queen  
  25  3:12  Zergling x2  
  28  3:15  Overlord  
  28  3:34  Drone x2  
  30  3:42  Drone x3  
  30  3:48  Zergling x4  
  35  3:52  Baneling x2  
  35  4:12  Drone  
  36  4:31  Overlord  
  36  4:32  Hatchery, Overlord x3  
  36  4:38  Drone  
  36  4:42  Extractor, Drone  
  36  4:49  Queen  
  38  5:00  Zergling x2  
  38  5:01  Zergling x12  
  38  5:05  Lair  
  45  5:25  Drone x3  
  48  5:32  Drone  
  48  5:33  Drone x2  
  50  5:47  Zergling x6  
  50  5:48  Zergling x4  
  44  6:07  Zergling x10  
  49  6:21  Hydralisk Den  
  49  6:22  Drone  
  49  6:29  Spore Crawler  
  49  6:30  Drone x3  
  52  6:32  Drone  
  52  6:33  Drone x2  
  52  6:39  Extractor  
  53  6:51  Drone x3  
  53  6:52  Drone x2  
  53  6:53  Drone  
  60  6:54  Drone  
  60  6:56  Drone x3  
  60  7:00  Zergling x2  
  64  7:07  Zergling x2, Muscular Augments  
  64  7:08  Zergling x2  
  66  7:30  Infestation Pit  
  66  7:34  Hydralisk  
  66  7:35  Hydralisk x3  
  73  7:39  Overlord  
  73  7:57  Drone x2  
  75  7:59  Overlord  
  75  8:00  Overlord x5  
  70  8:31  Hydralisk  
  70  8:32  Hydralisk x4  
  80  8:37  Drone  
  80  8:38  Drone x2  
  83  8:44  Zergling x6  
  83  8:48  Hatchery  
  85  8:54  Hatchery  
  84  9:05  Evolution Chamber x2  
  82  9:16  Hydralisk x6  
  94  9:36  Extractor  
  94  9:37  Drone  
  94  9:38  Drone x2  
  96  9:39  Queen  
  96  9:45  Extractor  
  97  9:46  Extractor  
  97  9:49  Drone x2  
  98  10:02  Grooved Spines  
  67  10:38  Hydralisk x7  
  75  10:47  Zergling x8  
  75  10:48  Zergling x2  
  80  10:57  Zerg Melee Weapons Level 1  
  80  10:58  Zerg Missile Weapons Level 1  
  80  10:59  Zergling x2  
  80  11:00  Zergling x10  
  86  11:10  Spore Crawler  
  86  11:11  Hydralisk x3, Spore Crawler  
  85  11:12  Spore Crawler  
  89  11:28  Hydralisk x3  
  95  11:33  Drone  
  95  11:39  Zergling x2  
  103  11:40  Zergling x22  
  106  12:08  Hydralisk x6  
  96  12:23  Hydralisk x2  
  100  12:33  Drone x3  
  103  12:46  Hatchery  
  102  12:55  Hydralisk  
  102  12:56  Hydralisk x6  
Tags
 
Add a new tag
Caveats
  • Supply blocks, unpowered buildings, or Contaminate may cause inaccurate times.
  • Supply counts are checked every 10 seconds.